 Dungeon Crawl Stone Soup version 0.24.1-14-gf8d2b509d9 (webtiles) character file.

Game seed: 1118767989155266139, levelgen mode: deterministic

993 KlarStein the Skirmisher (level 7, 0/61 HPs)
             Began as a Demonspawn Monk on Aug 28, 2020.
             Was a Believer of Dithmenos.
             Killed by divine providence
             ... invoked by an orc priest
              (12 damage)
             ... on level 6 of the Dungeon.
             The game lasted 00:21:43 (5511 turns).

KlarStein the Skirmisher (Demonspawn Monk)          Turns: 5511, Time: 00:21:43

Health: 0/61       AC:  7    Str: 20    XL:     7   Next: 98%
Magic:  7/7        EV: 13    Int: 12    God:    Dithmenos [**....]
Gold:   192        SH:  0    Dex: 15    Spells: 6/6 levels left

rFire    . . .     SeeInvis .   t - +0 dagger
rCold    + + .     Gourm    .   (no shield)
rNeg     . . .     Faith    .   u - +1 ring mail of Honesty {rC+ MR+ Str+7}
rPois    .         Spirit   .   (helmet restricted)
rElec    .         Reflect  .   (no cloak)
rCorr    .         Harm     .   h - +0 pair of gloves
MR       +....     Clarity  +   (boots unavailable)
Stlth    +++.......             (no amulet)
HPRegen  0.20/turn              e - ring of flight
MPRegen  0.10/turn              (no ring)

@: wreathed by umbra
A: horns 1, talons 3, clarity, cold resistance 1, robust 1
a: Shadow Step, Renounce Religion, Evoke Flight


You were on level 6 of the Dungeon.
You worshipped Dithmenos.
Dithmenos was pleased with you.
You were not hungry.

You visited 2 branches of the dungeon, and saw 7 of its levels.

You collected 192 gold pieces.

Inventory:

Hand Weapons
 r - a cursed +0 short sword
 t - a +0 dagger (weapon)
Missiles
 g - a throwing net (quivered)
Armour
 h - a +0 pair of gloves (worn)
 u - the +1 ring mail of Honesty (worn) {rC+ MR+ Str+7}
   (You found it on level 6 of the Dungeon)

   It affects your strength (+7).
   It protects you from cold.
   It affects your resistance to hostile enchantments.
 w - a +0 robe
Magical Staves
 l - an uncursed staff of wizardry {unknown}
 n - a cursed staff of cold {unknown}
Jewellery
 a - a +4 ring of strength
 e - a ring of flight (left hand)
Wands
 f - a wand of flame (18)
 j - a wand of paralysis (11)
 o - a wand of polymorph (8)
Scrolls
 d - 2 scrolls of identify
 m - 2 scrolls of enchant armour {unknown}
Potions
 i - a potion of flight
 p - 3 potions of curing
 q - a potion of lignification {unknown}
 s - a potion of brilliance {unknown}
Comestibles
 b - 9 rations
 k - 2 chunks of flesh


   Skills:
 + Level 5.2 Fighting
 * Level 3.6 Short Blades
 + Level 4.8 Dodging
 + Level 4.6 Stealth
 - Level 3.8 Unarmed Combat


You had 6 spell levels left.
You didn't know any spells.
Your spell library was empty.

Dungeon Overview and Level Annotations

Branches:
Dungeon (6/15)             Temple (1/1) D:6

Altars:
Ashenzari
Cheibriados
Dithmenos
Elyvilon
Fedhas
Gozag
Hepliaklqana
Kikubaaqudgha
Makhleb
Nemelex Xobeh
Okawaru
Qazlal
Ru
Sif Muna
Trog
Uskayaw
Vehumet
Wu Jian
Xom
Yredelemnul
Zin
The Shining One

Annotations:
D:3 3 runed translucent doors, Gaplan's ghost, amateur MiFi


Innate Abilities, Weirdness & Mutations

You have a pair of small horns on your head.
You have claws for feet.
You possess an exceptional clarity of mind.
Your flesh is cold resistant. (rC+)
You are robust. (+10% HP)


Message History

The orc warrior hits you with a +0 flail.
Okay, then.
You feel better.
The orc priest calls down the wrath of Beogh upon you.
Beogh smites you! The orc warrior misses you.
The orc priest casts a cantrip, but nothing happens.
Things that are here:
a +0 hand axe; a cursed +0 chain mail; an orc corpse
Aiming: Shadow Step
Press: ? - help, Dir - move target cursor, f - orc priest
Aim: an orc priest, wearing a +0 ring mail (severely wounded) Out of range.
Okay, then.
Unknown command.
The orc priest invokes the aid of Beogh against you.
Beogh smites you!
* * * LOW HITPOINT WARNING * * *
The orc priest invokes the aid of Beogh against you.
Beogh smites you!
You die...

........##.#.###.....## ..#
........##.#.##..♣.♣..######.#
..................>....... ...
........##.#.###.♣.♣.##### #)#
........##.#.# #.....# #.#
###.....##.#.# ####### #)#
###..#..##.#.# ##.#
.....#..##.#.##############...
###>.........@.o...o..........
#.##..##.#.##############...
.. #.....#.##############...
+#######'..#.#............'...
#...#.÷.#..#.......########...
#...#.(.#.####.###.# #...
#.......#.. #.# #.# #...
###._.###### #.# #.# #...
###.......### #.# #.# #...


You could see an orc warrior and an orc priest.

Vanquished Creatures
  A sky beast (D:5)
  An ogre (D:6)
  Blork the orc (D:5)
  A bullfrog (D:4)
  A scorpion (D:4)
  A howler monkey (D:5)
  A crimson imp (D:6)
  A bullfrog zombie (D:5)
  A bullfrog skeleton (D:4)
  3 orc priests
  An orc wizard (D:6)
  2 hounds (D:4)
  An iguana (D:4)
  2 worker ants
  Robin (D:3)
  10 adders
  2 worms (D:2)
  4 dart slugs
  3 leopard geckos
  13 orcs
  14 bats
  4 giant cockroaches
  17 goblins
  10 hobgoblins
  11 jackals
  3 quokkas
  A ball python (D:6)
  5 frilled lizards
  7 kobolds
  A leopard gecko skeleton (D:2)
  6 rats
130 creatures vanquished.

Vanquished Creatures (others)
  2 fungi (D:3)
  2 plants (D:3)
4 creatures vanquished.

Grand Total: 134 creatures vanquished

Notes
Turn   | Place    | Note
-------+----------+-------------------------------------------
     0 | D:1      | KlarStein the Demonspawn Monk began the quest for the Orb.
     0 | D:1      | Reached XP level 1. HP: 18/18 MP: 1/1
   211 | D:1      | Gained mutation: You have sharp toenails. [demonic
                  | ancestry]
   211 | D:1      | Reached XP level 2. HP: 22/24 MP: 2/2
   483 | D:1      | Gained mutation: You have razor-sharp toenails. [demonic
                  | ancestry]
   483 | D:1      | Reached XP level 3. HP: 27/29 MP: 3/3
  1322 | D:2      | Gained mutation: You have claws for feet. [demonic
                  | ancestry]
  1322 | D:2      | Reached XP level 4. HP: 28/35 MP: 4/4
  1731 | D:3      | Found a shimmering blue altar of Sif Muna.
  1762 | D:3      | Found a runed translucent gate.
  1762 | D:3      | Found a runed translucent gate.
  1762 | D:3      | Found a runed translucent gate.
  1762 | D:3      | Noticed Gaplan's ghost (amateur MiFi)
  1762 | D:3      | Noticed a big kobold
  1766 | D:3      | Identified the +12 short sword of Kijajis {venom, +Inv rF+
                  | Dex+2}
  1766 | D:3      | Noticed a big kobold
  1867 | D:2      | Gained mutation: Your flesh is cold resistant. (rC+)
                  | [potion of mutation]
  1867 | D:2      | Gained mutation: You possess an exceptional clarity of
                  | mind. [potion of mutation]
  1867 | D:2      | Gained mutation: You are robust. (+10% HP) [potion of
                  | mutation]
  2377 | D:3      | Reached XP level 5. HP: 40/46 MP: 5/5
  2383 | D:3      | Noticed Robin
  2417 | D:3      | Killed Robin
  2623 | D:3      | Found a basalt altar of Yredelemnul.
  2660 | D:3      | Reached skill level 4 in Fighting
  3043 | D:3      | Gained mutation: You have a pair of small horns on your
                  | head. [demonic ancestry]
  3043 | D:3      | Reached XP level 6. HP: 52/52 MP: 6/6
  3773 | D:4      | Reached skill level 1 in Short Blades
  4248 | D:4      | Reached XP level 7. HP: 44/60 MP: 7/7
  4455 | D:5      | Entered Level 5 of the Dungeon
  4455 | D:5      | Found a burning altar of Makhleb.
  4640 | D:5      | Noticed Blork the orc
  4653 | D:5      | Killed Blork the orc
  4882 | D:5      | Reached skill level 5 in Fighting
  5091 | D:5      | You fall into a shaft and drop 1 floor!
  5096 | D:6      | Found a staircase to the Ecumenical Temple.
  5105 | Temple   | Entered the Ecumenical Temple
  5112 | Temple   | Became a worshipper of Dithmenos the Shadowed
  5112 | Temple   | Reached * piety under Dithmenos
  5112 | Temple   | Reached ** piety under Dithmenos
  5210 | D:6      | Found a sacrificial altar of Ru.
  5336 | D:6      | Got a heavily runed ring mail
  5350 | D:6      | Identified the cursed +1 ring mail of Honesty {rC+ MR+
                  | Str+7} (You found it on level 6 of the Dungeon)
  5511 | D:6      | Killed from afar by an orc priest

Levels and vault maps discovered:
D:1:      lightli_arrival_quake, layout_rooms
D:2:      cheibrodos_helix_gallery, layout_basic
D:3:      layout_rooms, lemuel_crystal_altar, gammafunk_ghost_nasty_kobolds,
          yredelemnul_altar_generic, uniq_robin
D:4:      layout_basic, first_ration
D:5:      layout_basic, basic_altar, uniq_blork_the_orc, uniq_ijyb
D:6:      layout_basic, minmay_temple_entry_trees, basic_altar, serial_shops,
          shop, nicolae_ru_great_annihilating_truth, uniq_pikel
Temple:   compressed_dpeg_circular_temple

Skill      XL: |  1  2  3  4  5  6  7 |
---------------+----------------------+-----
Stealth        | 2 3 4 |  4.6
Dodging        | 3 4 |  4.8
Unarmed Combat | 3 |  3.8
Fighting       | 4 5 |  5.2
Short Blades   | 2 3 |  3.6

Action                   |  1- 3 |  4- 6 |  7- 9 || total
-------------------------+-------+-------+-------++-------
Melee: Unarmed           |   121 |   143 |       ||   264
       Kick              |    31 |    58 |    38 ||   127
       Punch             |     3 |     3 |     1 ||     7
       Dagger            |       |    76 |   129 ||   205
       Headbutt          |       |    18 |    19 ||    37
Evoke: Wand              |       |       |     1 ||     1
  Use: Potion            |       |     5 |     2 ||     7
       Scroll            |       |    12 |     1 ||    13
 Stab: Sleeping          |     6 |     2 |     2 ||    10
       Distracted        |       |     2 |       ||     2
       Paralysed         |       |       |     2 ||     2
  Eat: Chunk             |     1 |     9 |     5 ||    15
Armor: Robe              |    29 |    34 |    14 ||    77
       Ring mail         |       |       |     3 ||     3
Dodge: Dodged            |    96 |   152 |    64 ||   312
